 Dungeon Crawl Stone Soup version 0.24-a0-639-gb70a11d811 (webtiles) character file.

Game seed: 11942388726161532747, levelgen mode: deterministic

25251 XoMute the Warrior (level 12, -3/121 HPs)
             Began as a Minotaur Berserker on Sept 21, 2019.
             Was an Elder of Trog.
             Slain by a spiny frog (8 damage)
             ... summoned by a boggart
             ... on level 6 of the Lair of Beasts.
             The game lasted 00:39:44 (18978 turns).

XoMute the Warrior (Minotaur Berserker)            Turns: 18978, Time: 00:39:44

Health: -3/121     AC: 14    Str: 23    XL:     12   Next: 87%
Magic:  11/11      EV:  9    Int:  4    God:    Trog [****..]
Gold:   659        SH:  0    Dex: 15    Spells: 11/11 levels left

rFire    . . .     SeeInvis +   A - +5 broad axe "Guuk" {venom, SInv}
rCold    . . .     Gourm    .   (no shield)
rNeg     + . .     Faith    .   D - +0 chain mail
rPois    .         Spirit   .   (helmet restricted)
rElec    +         Reflect  .   (no cloak)
rCorr    .         Harm     .   (no gloves)
MR       ++...                  r - +1 pair of boots
Stlth    ..........             (no amulet)
HPRegen  1.30/turn              x - ring "Piethix" {rElec rN+ Str-3 Dex+4}
MPRegen  0.12/turn              j - +1 ring of slaying

@: lethally poisoned (-3 -> -3), berserk cooldown, regenerating, slowed, very
slow
A: retaliatory headbutt, horns 2
a: Berserk, Trog's Hand, Brothers in Arms, Renounce Religion


You were on level 6 of the Lair of Beasts.
You worshipped Trog.
Trog was greatly pleased with you.
You were very hungry.

You visited 3 branches of the dungeon, and saw 16 of its levels.
You also visited: Bailey.

You collected 920 gold pieces.
You spent 261 gold pieces at shops.

Inventory:

Hand Weapons
 A - the +5 broad axe "Guuk" (weapon) {venom, SInv}
   (You bought it in a shop on level 7 of the Dungeon)

   It poisons the flesh of those it strikes.
   It lets you see invisible.
Armour
 g - a +2 shield of reflection
 r - a +1 pair of boots (worn)
 D - a +0 chain mail (worn)
Jewellery
 a - an uncursed ring of protection from cold {unknown}
 j - a +1 ring of slaying (right hand)
 x - the ring "Piethix" (left hand) {rElec rN+ Str-3 Dex+4}
   (You found it on level 6 of the Dungeon)

   [ring of positive energy]

   It affects your strength (-3).
   It affects your dexterity (+4).
   It insulates you from electricity.
   It protects you from negative energy.
 B - an uncursed ring of resist corrosion
Wands
 n - a wand of digging (3)
 z - a wand of iceblast (6)
Scrolls
 d - a scroll of enchant armour
 k - 5 scrolls of remove curse
 l - 11 scrolls of teleportation
 m - a scroll of summoning {unknown}
 o - a scroll of enchant weapon
 w - a scroll of brand weapon {unknown}
 y - a scroll of holy word
Potions
 b - a potion of agility
 e - 4 potions of flight
 f - 6 potions of brilliance
 i - 5 potions of resistance
 p - 3 potions of lignification
 s - 12 potions of curing
 u - 3 potions of heal wounds
 v - 2 potions of mutation {unknown}
Miscellaneous
 q - a box of beasts
Comestibles
 c - 24 rations


   Skills:
 - Level 15.2 Fighting
 - Level 14.0 Axes
 + Level 10.7 Armour
 - Level 2.1 Dodging
 * Level 11.7 Shields


You had 11 spell levels left.
You didn't know any spells.
Your spell library was empty.

Dungeon Overview and Level Annotations

Branches:
Dungeon (9/15)             Temple (1/1) D:4            Lair (6/6) D:8
  Swamp (0/4) Lair:3       Spider (0/4) Lair:3        Slime (0/5) Lair:5
 Bailey (visited)
    Orc: D:9-12

Altars:
Ashenzari
Cheibriados
Dithmenos
Elyvilon
Fedhas
Gozag
Hepliaklqana
Kikubaaqudgha
Makhleb
Nemelex Xobeh
Okawaru
Qazlal
Ru
Sif Muna
Trog
Uskayaw
Vehumet
Wu Jian
Xom
Yredelemnul
Zin
The Shining One
Jiyva

Shops:
D:7 ([=


Innate Abilities, Weirdness & Mutations

You reflexively headbutt those who attack you in melee.
You have a pair of horns on your head.


Message History

The spiny frog stings you.
* * * LOW HITPOINT WARNING * * *
The spriggan hits you with a +0 rapier.
* * * LOW HITPOINT WARNING * * *
Things that are here:
a +1 vampiric short sword; a +0 robe; a +0 buckler You feel a strong urge to attack something.
You feel sick.
You are too berserk!
You feel sick.
You feel your anger nearly subside.
You are no longer berserk.
You are exhausted.
You feel yourself slow down.
You feel sick.
You feel very sick.
The boggart gestures wildly while chanting.
You feel very sick. The spiny frog stings you.
* * * LOW HITPOINT WARNING * * *
You feel sick. The spiny frog stings you!
You die...

♣....#.......#...
....♣ ..♣
♣....#......P....
.....♣♣ ♣..
♣♣...###.......P..
....... ... ♣♣....#
#<.....#P.. ......♣..
♣.....###'..#.#....
♣...♣Fl♣
♣......#...#####...
♣....i.
♣♣.....P##'#.##PP...
♣....†♣
♣......P......P.....
♣..♣
♣..F@................
♣..♣
♣♣il♣.................
♣..♣♣
♣..♣♣♣................
♣♣..♣♣♣g♣♣
♣♣...............
♣..i♣♣.♣
♣..............#
♣♣g..g.♣
♣...............
♣♣)†).♣
♣♣..............
♣♣F).♣ ♣..............
♣...♣ ♣.............P


You could see a spriggan rider, a komodo dragon, a spiny frog and a boggart
(invisible).

Vanquished Creatures
  Snorg (Lair:3)
  A centaur warrior (D:9)
  2 two-headed ogres (D:8)
  An unseen horror (D:9)
  The ghost of feelmyfire the Slicer, a novice HaGl (D:6)
  An elephant (D:8)
  2 black mambas (Lair:6)
  7 spiny frogs
  2 rime drakes (Lair:3)
  3 komodo dragons
  3 polar bears (Lair:6)
  2 hornets (Lair:6)
  2 trolls (D:9)
  Prince Ribbit (Lair:3)
  A queen bee (D:8)
  3 blink frogs (Lair:3)
  A bog body (Lair:3)
  7 hippogriffs
  2 redbacks (Lair:3)
  6 spriggans (Lair:6)
  2 humans (D:8)
  2 wyverns
  5 basilisks
  A yak (Lair:6)
  6 vampire mosquitoes (Lair:2)
  A steam dragon (D:9)
  2 insubstantial wisps (Lair:2)
  9 water moccasins
  6 porcupines
  3 ice beasts
  4 orc warriors
  3 black bears
  A sky beast (D:9)
  2 necrophages
  9 ogres
  2 boggarts (Lair:6)
  15 wolves
  2 centaurs
  10 crocodiles
  8 bullfrogs
  A wyvern skeleton (D:7)
  A scorpion (D:5)
  10 wights
  15 killer bees (D:8)
  3 howler monkeys
  An electric eel (Lair:1)
  3 crimson imps
  A centaur zombie (D:5)
  A jelly (D:5)
  7 orc wizards
  5 orc priests
  An iron imp (D:6)
  Natasha (thrice) (D:3)
  An iguana (D:6)
  7 worker ants
  A hound zombie (D:7)
  3 hound skeletons
  8 gnolls
  A howler monkey skeleton (D:8)
  10 adders
  A shadow imp (D:2)
  2 oozes (D:1)
  2 worms
  3 dart slugs
  2 leopard geckos
  37 orcs
  6 giant cockroaches
  16 goblins
  11 hobgoblins
  7 quokkas
  5 ball pythons
  9 bats
  5 frilled lizards
  A giant cockroach zombie (D:6)
  2 jackal skeletons
  18 kobolds
  2 quokka skeletons
  6 rats
  3 fungi
  4 plants
367 creatures vanquished.

Vanquished Creatures (collateral kills)
  Nessos (Lair:5)
  2 hydras
  A porcupine (Lair:5)
  A crocodile (Lair:5)
  A bullfrog (Lair:5)
6 creatures vanquished.

Vanquished Creatures (others)
  A bush (Lair:6)
  2 fungi (Lair:6)
  A plant (Lair:6)
4 creatures vanquished.

Grand Total: 377 creatures vanquished

Notes
Turn   | Place    | Note
-------+----------+-------------------------------------------
     0 | D:1      | XoMute the Minotaur Berserker began the quest for the Orb.
     0 | D:1      | Reached XP level 1. HP: 19/19 MP: 0/0
   319 | D:1      | Reached XP level 2. HP: 27/27 MP: 1/1
   431 | D:1      | Reached skill level 4 in Fighting
   578 | D:1      | Reached XP level 3. HP: 30/33 MP: 2/2
   918 | D:2      | Reached ** piety under Trog
  1046 | D:2      | Reached skill level 5 in Axes
  1236 | D:2      | Found a shimmering blue altar of Sif Muna.
  1341 | D:2      | Found a bloodstained altar of Trog.
  1372 | D:2      | You fall into a shaft and drop 1 floor!
  1385 | D:2      | Reached XP level 4. HP: 37/41 MP: 3/3
  1984 | D:3      | Noticed Natasha
  1999 | D:3      | Killed Natasha
  2140 | D:3      | Noticed Natasha
  2148 | D:3      | Killed Natasha
  2148 | D:3      | Reached skill level 5 in Fighting
  2148 | D:3      | Reached XP level 5. HP: 45/48 MP: 4/4
  2175 | D:3      | Noticed Natasha
  2178 | D:3      | Found a glowing silver altar of Zin.
  2183 | D:3      | Killed Natasha
  3017 | D:4      | Found a staircase to the Ecumenical Temple.
  3026 | Temple   | Entered the Ecumenical Temple
  3299 | D:4      | Reached *** piety under Trog
  3581 | D:4      | Found a shimmering altar of Xom.
  3711 | D:4      | Reached XP level 6. HP: 54/56 MP: 5/5
  4142 | D:5      | Entered Level 5 of the Dungeon
  4166 | D:5      | Reached skill level 6 in Fighting
  4319 | D:5      | Reached XP level 7. HP: 46/64 MP: 6/6
  4842 | D:5      | Found an ornate altar of the Wu Jian Council.
  5034 | D:6      | Found a runed translucent door.
  5036 | D:6      | Noticed feelmyfire's ghost (novice HaGl)
  5087 | D:6      | Reached skill level 7 in Fighting
  5184 | D:6      | Found a snail-covered altar of Cheibriados.
  5255 | D:6      | Reached XP level 8. HP: 73/73 MP: 7/7
  5258 | D:6      | Reached skill level 10 in Axes
  5331 | D:6      | Got a scorched turquoise ring
  5587 | D:6      | Killed feelmyfire's ghost
  5587 | D:6      | Reached skill level 8 in Fighting
  5905 | D:7      | Reached **** piety under Trog
  6150 | D:7      | Reached XP level 9. HP: 27/82 MP: 8/8
  6300 | D:7      | Reached skill level 9 in Fighting
  6682 | D:7      | Found Bosiw's Antique Armour Emporium.
  7005 | D:7      | Found Suczem Raug's Antique Weapon Boutique.
  7085 | D:7      | Found Raghurgh's Jewellery Boutique.
  7283 | D:8      | Found a flagged portal.
  7312 | Bailey   | Entered a bailey
  7328 | Bailey   | Noticed an orc warlord
  7329 | Bailey   | Found the ring of the Octopus King
  7509 | Bailey   | Found a runed translucent gate.
  7511 | Bailey   | Found a runed translucent gate.
  7512 | Bailey   | Found a runed translucent gate.
  7669 | D:7      | Bought a fine broad axe for 261 gold pieces
  7669 | D:7      | Identified the +5 broad axe "Guuk" {venom, SInv} (You
                  | bought it in a shop on level 7 of the Dungeon)
  7912 | D:8      | Noticed a two-headed ogre
  7916 | D:8      | Reached skill level 10 in Fighting
  7920 | D:8      | Killed a two-headed ogre
  8070 | D:8      | Found a staircase to the Lair.
  8071 | D:8      | Noticed an elephant
  8079 | D:8      | Killed an elephant
  8079 | D:8      | Reached XP level 10. HP: 50/94 MP: 9/9
  8087 | D:8      | Reached skill level 11 in Fighting
  8419 | D:8      | Noticed a two-headed ogre
  8427 | D:8      | Killed a two-headed ogre
  8461 | D:8      | Reached skill level 12 in Fighting
  8747 | D:8      | Reached ***** piety under Trog
  8753 | D:8      | Reached skill level 13 in Fighting
  9608 | D:8      | Found an iron altar of Okawaru.
 10659 | D:9      | Noticed a centaur warrior
 10670 | D:9      | Killed a centaur warrior
 10670 | D:9      | Reached skill level 14 in Fighting
 10670 | D:9      | Reached XP level 11. HP: 89/110 MP: 10/10
 10874 | D:9      | Noticed an unseen horror
 10889 | D:9      | Killed an unseen horror
 11240 | D:9      | Reached skill level 5 in Armour
 11363 | D:9      | Found a sparkling altar of Nemelex Xobeh.
 11363 | D:9      | Found a hazy altar of Hepliaklqana.
 11492 | Lair:1   | Entered Level 1 of the Lair of Beasts
 12469 | Lair:1   | Identified a scroll of acquirement
 12492 | Lair:1   | Identified the ring "Piethix" {rElec rN+ Str-3 Dex+4} (You
                  | found it on level 6 of the Dungeon)
 13029 | Lair:2   | Received a gift from Trog
 13034 | Lair:2   | Reached skill level 1 in Shields
 13410 | Lair:2   | Reached skill level 15 in Fighting
 14494 | Lair:3   | Found a staircase to the Swamp.
 14502 | Lair:3   | Reached skill level 5 in Shields
 14914 | Lair:3   | You fall into a shaft and drop 1 floor!
 14930 | Lair:3   | Noticed Prince Ribbit
 14943 | Lair:3   | Reached XP level 12. HP: 121/121 MP: 11/11
 14944 | Lair:3   | Killed Prince Ribbit
 15229 | Lair:3   | Found a hole to the Spider Nest.
 15342 | Lair:3   | Noticed Snorg
 15357 | Lair:3   | Killed Snorg
 15833 | Lair:4   | Noticed a five-headed hydra
 16064 | Lair:4   | Killed a six-headed hydra
 16789 | Lair:5   | Noticed a six-headed hydra
 16799 | Lair:5   | Killed a six-headed hydra
 16800 | Lair:5   | Noticed Nessos
 16803 | Lair:5   | Killed Nessos
 17160 | Lair:5   | Found a viscous altar of Jiyva.
 17160 | Lair:5   | Found a staircase to the Slime Pits.
 17609 | Lair:6   | Entered Level 6 of the Lair of Beasts
 17635 | Lair:6   | Reached skill level 10 in Shields
 18077 | Lair:6   | Noticed an eight-headed hydra
 18591 | Lair:6   | Reached skill level 10 in Armour
 18614 | Lair:6   | Paralysed by a hornet for 2 turns
 18977 | Lair:6   | HP: 5/121 [spiny frog[a boggart] (2)]
 18978 | Lair:6   | Slain by a spiny frog

Levels and vault maps discovered:
D:1:      scummos_arrival_forest, layout_loops_cross
D:2:      layout_basic, lemuel_blue_sif_altar, first_ration,
          trog_three_pillars_becter
D:3:      layout_rooms, old_standard_altar, minivault_25,
          minmay_misc_feat_diagonals, uniq_natasha
D:4:      minmay_spotlight, layout_gridville, overflow_temple_1_default,
          temple_fountains, st_stairs_1
D:5:      layout_loops_ring, lemuel_coloured_pillars_altar
D:6:      layout_rooms, slow_altar_1, ebering_ghost_sewer_d, minivault_27,
          minmay_checkerbox
D:7:      layout_gridville, serial_shops, nicolae_shop_statue_plus,
          kennysheep_mini_moat, kennysheep_mini
D:8:      layout_layer_cave, okawaru_humans, david_lair_generic, enter_bailey_2,
          david_nohive_1
D:9:      kennysheep_big_flooded_room, layout_irregular_city,
          gammafunk_temple_overflow_elements, minmay_misc_feat_chi
Temple:   eino_temple_water
Lair:1:   layout_cave_pods, serial_bayou_shore_a
Lair:2:   layout_cave_pods, gauntlet_entry_generic, pond
Lair:3:   layout_roguey, skrybe_swamp_entry_bodies, spider_nest_entry_webs,
          uniq_prince_ribbit2, uniq_snorg
Lair:4:   layout_gridlike, infiniplex_staircase_pool_2
Lair:5:   layout_cave_pods, dpeg_slime_entry_enclosed_altar, lemuel_fruit_tree,
          uniq_nessos
Lair:6:   minmay_lair_end_enchanted_forest, layout_regular_city

Skill      XL: |  1  2  3  4  5  6  7  8  9 10 11 12 |
---------------+-------------------------------------+-----
Axes           | 4 5 6 7 8 9 11 14 | 14.0
Fighting       | 4 5 6 7 8 10 14 15 | 15.2
Armour         | 8 10 | 10.7
Shields        | 6 11 | 11.7
Dodging        | |  2.1

Action                   |  1- 3 |  4- 6 |  7- 9 | 10-12 || total
-------------------------+-------+-------+-------+-------++-------
Melee: Hand axe          |    79 |   143 |    60 |       ||   282
       Headbutt          |    13 |    28 |    44 |    89 ||   174
       Broad axe         |       |       |   168 |   372 ||   540
Invok: Berserk           |       |     1 |     4 |     6 ||    11
       Trog's Hand       |       |     1 |     4 |     6 ||    11
       Brothers in Arms  |       |       |       |     4 ||     4
  Use: Scroll            |       |       |    13 |    12 ||    25
       Potion            |       |       |       |     1 ||     1
  Eat: Chunk             |     1 |    11 |    17 |    19 ||    48
       Ration            |       |       |       |     7 ||     7
Armor: Animal skin       |     3 |       |       |       ||     3
       Ring mail         |    34 |    43 |   102 |    34 ||   213
       Chain mail        |       |       |       |   208 ||   208
Dodge: Dodged            |    48 |    86 |   173 |   226 ||   533

Table legend:
 A = Non-vault XP
 B = Vault XP
 C = Vault XP percentage of total XP
 D = Non-vault monster count
 E = Vault monster count
 F = Vault count percentage of total count
                 A         B        C        D         E       F
            +---------+---------+-------+---------+---------+-------
      Total |   21361 |   14712 |  40.8 |     269 |      97 |  26.5
            +---------+---------+-------+---------+---------+-------
        D:1 |      49 |       0 |   0.0 |      23 |       0 |   0.0
        D:2 |      87 |       0 |   0.0 |      29 |       0 |   0.0
        D:3 |     114 |      36 |  24.0 |      20 |       1 |   4.8
        D:4 |     123 |      20 |  14.0 |       9 |       5 |  35.7
        D:5 |     698 |       0 |   0.0 |      28 |       0 |   0.0
        D:6 |     502 |     748 |  59.8 |      13 |       7 |  35.0
        D:7 |    1361 |       0 |   0.0 |      33 |       0 |   0.0
        D:8 |    3423 |    2548 |  42.7 |      33 |      22 |  40.0
        D:9 |    1809 |    1698 |  48.4 |      18 |       2 |  10.0
     Lair:1 |    2121 |       0 |   0.0 |      12 |       0 |   0.0
     Lair:2 |    2379 |    1384 |  36.8 |      11 |       8 |  42.1
     Lair:3 |    3273 |    2850 |  46.5 |      17 |       8 |  32.0
     Lair:4 |    1520 |       0 |   0.0 |       7 |       0 |   0.0
     Lair:5 |    1399 |     659 |  32.0 |       7 |       1 |  12.5
     Lair:6 |    2503 |    4456 |  64.0 |       9 |      25 |  73.5
     Bailey |       0 |     313 | 100.0 |       0 |      18 | 100.0
            +---------+---------+-------+---------+---------+-------
